 Dungeon Crawl Stone Soup version 0.31.0-4-g52a2dc7128 (webtiles) character file.

Game seed: 6023698457488484047

80 paradise the Chopper (level 4, 0/41 HPs)
             Began as a Hill Orc Monk on Jan 22, 2024.
             Slain by an ice beast (12 damage)
             ... on level 3 of the Dungeon.
             The game lasted 00:09:12 (1914 turns).

paradise the Chopper (Hill Orc Monk)                Turns: 1914, Time: 00:09:13

Health: 0/41       AC: 10    Str: 15    XL:     4   Next: 39%
Magic:  4/4        EV: 11    Int: 10    God:
Gold:   123        SH:  0    Dex: 13    Spells: 3/3 levels left

rFire   . . .        a - +0 hand axe
rCold   . . .        d - orb {light}
rNeg    . . .        n - +1 ring mail
rPois   .            (no helmet)
rElec   .            (no cloak)
rCorr   .            (no gloves)
SInv    .            (no boots)
Will    .....        (no amulet) Stlth
                     r - +4 ring of protection
HPRegen 0.26/turn    (no ring)
MPRegen 0.09/turn

%: clarity
@: silenced (expiring), glowing
A: clarity
a: no special abilities


You were on level 3 of the Dungeon.
You visited 1 branch of the dungeon, and saw 3 of its levels.

You collected 123 gold pieces.

Inventory:

Hand Weapons
 a - a +0 hand axe (weapon)
Missiles
 l - 5 poisoned darts
 p - 11 stones
Armour
 b - a +0 robe
 d - an orb of light (worn)
 g - a +0 leather armour
 n - a +1 ring mail (worn)
Jewellery
 r - a +4 ring of protection (left hand)
Scrolls
 m - a scroll of fear
 q - a scroll of acquirement (quivered) {unknown}
Potions
 c - 2 potions of ambrosia
 f - a potion of curing {unknown}
 o - a potion of berserk rage {unknown}


   Skills:
 + Level 4.6 Fighting
 + Level 5.1 Axes
 + Level 3.1 Dodging


You had 3 spell levels left.
You didn't know any spells.
Your spell library contained the following spells:

 Spells                   Type           Power      Damage    Failure   Level
 Call Canine Familiar     Summ           0%         N/A       92%         3
 Ozocubu's Armour         Ice            0%         N/A       92%         3
 Sigil of Binding         Hex            0%         N/A       92%         3
 Dimensional Bullseye     Hex/Tloc       0%         N/A       100%        4
 Metabolic Englaciation   Hex/Ice        0%         N/A       100%        5
 Sculpt Simulacrum        Ice/Alch       0%         N/A       100%        6


Dungeon Overview and Level Annotations

Branches:
Dungeon (3/15)

Altars:
Fedhas

Shops:
D:2 =[


Innate Abilities, Weirdness & Mutations

You possess an exceptional clarity of mind.


Message History

The ice beast barely misses you.
It was a potion of mutation.
You feel extremely strange.
Your thoughts seem clearer.
The orc priest completely misses you.
The ice beast hits you but does no damage.
You hit the ice beast but do no damage.
The ice beast is heavily wounded.
You hit the orc priest.
The orc priest hits you with a +0 hand axe.
The ice beast hits you but does no damage.
You closely miss the ice beast.
The ice beast is heavily wounded.
You barely miss the orc priest.
The orc priest hits you with a +0 hand axe.
The ice beast completely misses you.
You hit the ice beast.
The ice beast is severely wounded.
You hit the orc priest but do no damage.
The orc priest hits you but does no damage.
The ice beast misses you.
You hit the ice beast but do no damage.
The ice beast is severely wounded.
You barely miss the orc priest.
The orc priest hits you with a +0 hand axe.
The ice beast hits you but does no damage.
You hit the ice beast but do no damage.
The ice beast is severely wounded.
You hit the orc priest but do no damage.
You feel less invigorated.
You feel less confused.
The orc priest calls down the wrath of Beogh upon you.
Pain shoots through your body! The ice beast closely misses you.
You hit the ice beast.
The ice beast is severely wounded.
You hit the orc priest.
You kill the orc priest!
The ice beast hits you.
* * * LOW HITPOINT WARNING * * *
The ice beast freezes you!
You die...

#.#.##.#......###.###
#.#.##.##.#######.# ########
#.#.##.##Y#.......# #......#
#.#.##.##...####### #.####.#
#.#.##.##......## #.####.#
#.#....##..###..## #....#.#
#<######..##.#...######
####.#.###.#....)..#.##.........
#.#.....#.##@....##..########
#.#######Y#.Y##.....##
#.........#.##.#...##
#########.#.#)##..## #.#.###..##
#.......## ##....### ######


You could see an ice beast.

Vanquished Creatures
  An orc priest (D:3)
  3 adders
  2 dart slugs
  An orc (D:3)
  3 endoplasms
  A giant cockroach (D:1)
  8 goblins
  3 hobgoblins
  4 kobolds
  2 quokkas
  9 ball pythons
  4 bats
  3 frilled lizards
  3 rats
47 creatures vanquished.

Notes
Turn   | Place    | Note
-------+----------+-------------------------------------------
     0 | D:1      | paradise the Hill Orc Monk began the quest for the Orb.
     0 | D:1      | Reached XP level 1. HP: 19/19 MP: 1/1
   202 | D:1      | Reached XP level 2. HP: 27/27 MP: 2/2
   771 | D:2      | Found a blossoming altar of Fedhas.
   847 | D:2      | Reached XP level 3. HP: 33/33 MP: 3/3
   897 | D:2      | Found Loix's Antique Armour Shoppe.
   899 | D:2      | Found Inulef's Jewellery Emporium.
  1326 | D:2      | Reached XP level 4. HP: 34/41 MP: 4/4
  1403 | D:3      | Noticed an ice beast
  1554 | D:3      | Reached skill level 5 in Axes
  1906 | D:3      | HP: 2/41 [orc priest/+0 hand axe (3)]
  1908 | D:3      | Gained mutation: You possess an exceptional clarity of
                  | mind. [potion of mutation]
  1914 | D:3      | Slain by an ice beast

Illustrated notes

Levels and vault maps discovered:
D:1:      co_arrival_square_in_a_square_in_a_square, layout_basic,
          corexii_hall_statues_u, minmay_misc_feat_roman
D:2:      layout_loops_ring, basic_altar, serial_shops, shop,
          nicolae_shop_statue_plus
D:3:      layout_basic, makhleb_altar_promises_db,
          hellmonk_ecumenical_altar_slurped_away, minmay_misc_feat_columns,
          minmay_bisected

Skill      XL: |  1  2  3  4 |
---------------+-------------+-----
Fighting       | 4 |  4.6
Dodging        | 3 |  3.1
Axes           | 5 |  5.1

Action                     |  1- 3 |  4- 6 || total
---------------------------+-------+-------++-------
  Melee: Hand axe          |    82 |    43 ||   125
    Use: Scroll            |     1 |     6 ||     7
         Potion            |       |     2 ||     2
 Armour: Robe              |    11 |       ||    11
         Skin              |    10 |       ||    10
         Ring mail         |    28 |    38 ||    66
  Dodge: Dodged            |    48 |    28 ||    76
